 Dungeon Crawl Stone Soup version 0.26.1-11-gd32895ea62 (webtiles) character file.

Game seed: 11183671990361019026

242 Araneus the Cudgeller (level 5, 0/41 HPs)
             Began as a Mummy Fighter on May 28, 2021.
             Killed from afar by an orc wizard (10 damage)
             ... with a puff of flame
             ... on level 4 of the Dungeon.
             The game lasted 00:05:40 (3372 turns).

Araneus the Cudgeller (Mummy Fighter)               Turns: 3372, Time: 00:05:42

Health: 0/41       AC:  7    Str: 21    XL:     5   Next: 82%
Magic:  5/5        EV:  7    Int:  7    God:
Gold:   107        SH:  9    Dex: 11    Spells: 4/4 levels left

rFire    x . .     SeeInvis .   a - +0 flail
rCold    + . .     Faith    .   c - +0 kite shield
rNeg     + + +     Spirit   .   b - +0 scale mail
rPois    ∞         Reflect  .   (no helmet)
rElec    .         Harm     .   f - +0 cloak
rCorr    .         Rampage  .   (no gloves)
Will     .....                  (no boots)
Stlth    ..........             (no amulet)
HPRegen  0.13/turn              (no ring)
MPRegen  0.09/turn              (no ring)

@: no status effects
A: no potions, fire vulnerability, cold resistance 1, negative energy resistance
3, torment resistance, unbreathing
a: no special abilities


You were on level 4 of the Dungeon.
You visited 1 branch of the dungeon, and saw 4 of its levels.

You collected 107 gold pieces.

Inventory:

Hand Weapons
 a - a +0 flail (weapon)
Armour
 b - a +0 scale mail (worn)
 c - a +0 kite shield (worn)
 f - a +0 cloak (worn)
Scrolls
 d - 4 scrolls of magic mapping {unknown}
 e - 6 scrolls of identify {unknown}
 g - 2 scrolls of teleportation {unknown}
 h - a scroll of blinking {unknown}
 i - a scroll of fear {unknown}
 j - 2 scrolls of enchant armour {unknown}


   Skills:
 - Level 3.0 Fighting
 + Level 5.1 Maces & Flails
 - Level 2.4 Armour
 - Level 2.4 Shields


You had 4 spell levels left.
You didn't know any spells.
Your spell library was empty.

Dungeon Overview and Level Annotations

Branches:
Dungeon (4/15)
 Temple: D:4-7

Altars:
Trog


Innate Abilities, Weirdness & Mutations

You do not drink.
Your flesh is vulnerable to fire.
You are immune to poison.
Your flesh is cold resistant. (rC+)
You are immune to negative energy. (rN+++)
You are immune to unholy pain and torment.
You can survive without breathing.


Message History

You are too injured to fight recklessly!
Your shield prevents you from hitting the orc.
Something hits you but does no damage. You block the orc's attack.
The orc barely misses you. Something hits you but does no damage.
You sock the orc!
You kill the orc!
You block the orc's attack. Something hits you but does no damage.
You barely miss the orc. The orc hits you but does no damage.
You hear some strange, mumbled words.
A magic dart appears from out of thin air!
The magic dart hits you!
* * * LOW HITPOINT WARNING * * *
You hit the orc.
The orc is lightly wounded.
The orc hits you.
* * * LOW HITPOINT WARNING * * *
You hear some strange, mumbled words.
A puff of flame appears from out of thin air!
The puff of flame hits you! The fire burns you terribly!
You die...

.#.##....###### ##
#.............(... ..#
#.#.#.##....######
#.#.#.....##....#
..)..........### ####
#.#..######.#.#.....
#####....#....#.....#
......o)##.##.#.....###
#)@{...............
#...[............##
#.#.###............
....................
###.###..............
#. ................
######............
##........... #..


You could see an orc.

Vanquished Creatures
  An orc priest (D:4)
  2 orc wizards (D:4)
  An iguana (D:3)
  6 adders
  2 worms
  5 dart slugs
  A leopard gecko (D:2)
  5 orcs
  A ball python (D:2)
  A giant cockroach (D:1)
  8 goblins
  4 hobgoblins
  3 jackals (D:3)
  10 bats
  A frilled lizard (D:2)
  2 kobolds (D:2)
  9 rats
62 creatures vanquished.

Vanquished Creatures (others)
  4 toadstools (D:1)
4 creatures vanquished.

Grand Total: 66 creatures vanquished

Notes
Turn   | Place    | Note
-------+----------+-------------------------------------------
     0 | D:1      | Araneus the Mummy Fighter began the quest for the Orb.
     0 | D:1      | Reached XP level 1. HP: 18/18 MP: 1/1
   156 | D:1      | Reached skill level 2 in Maces & Flails
   252 | D:1      | Reached XP level 2. HP: 24/24 MP: 2/2
  1283 | D:2      | Reached skill level 3 in Maces & Flails
  1283 | D:2      | Reached XP level 3. HP: 29/29 MP: 3/3
  2070 | D:3      | Reached XP level 4. HP: 35/35 MP: 4/4
  2180 | D:3      | Reached skill level 4 in Maces & Flails
  2420 | D:3      | Found a bloodstained altar of Trog.
  2755 | D:3      | Reached XP level 5. HP: 22/41 MP: 5/5
  3369 | D:4      | Reached skill level 5 in Maces & Flails
  3372 | D:4      | Killed from afar by an orc wizard

Illustrated notes

Levels and vault maps discovered:
D:1:      ldierk_water_garden, layout_basic, chequers_jeans, minivault_19
D:2:      layout_loops_corners, kennysheep_generic_room_10
D:3:      layout_loops_ring, bloody_trog
D:4:      layout_basic, xom_butterflies

Skill      XL: |  1  2  3  4  5 |
---------------+----------------+-----
Maces & Flails | 2 3 4 5 |  5.1
Fighting       | |  3.0
Armour         | |  2.4
Shields        | |  2.4

Action                   |  1- 3 |  4- 6 || total
-------------------------+-------+-------++-------
Melee: Flail             |   101 |   102 ||   203
Armor: Scale mail        |    49 |    34 ||    83
Dodge: Dodged            |    31 |    35 ||    66
Block: Kite shield       |    51 |    48 ||    99
